 Dungeon Crawl Stone Soup version 0.28.0-47-ge53b351184 (webtiles) character file.

Game seed: 17267238918967637106

219 Mattiprrivan the Skirmisher (level 5, -1/46 HPs)
             Began as a Ghoul Fighter on Apr 29, 2022.
             Was an Initiate of Gozag.
             Slain by asishallab's ghost (3 damage)
             ... on level 4 of the Dungeon.
             The game lasted 00:11:49 (2737 turns).

Mattiprrivan the Skirmisher (Ghoul Fighter)         Turns: 2737, Time: 00:11:50

Health: -1/46      AC:  8    Str: 22    XL:     5   Next: 96%
Magic:  4/4        EV:  8    Int:  3    God:    Gozag
Gold:   363        SH:  7    Dex:  8    Spells: 4/4 levels left

rFire   . . .      SeeInvis .   a - +1 rapier
rCold   + . .      Faith    .   e - +0 kite shield
rNeg    + + +      Spirit   .   b - +0 scale mail
rPois   ∞          Reflect  .   (no helmet)
rElec   .          Harm     .   (no cloak)
rCorr   .          Rampage  .   c - +0 pair of gloves
Will    +....                   (no boots)
Stlth   ..........              (no amulet)
HPRegen 0.00/turn               i - ring of willpower
MPRegen 0.09/turn               (no ring)

@: mighty, inhibited regen
A: claws 1, cold resistance 1, negative energy resistance 3, inhibited
regeneration, torment resistance 2
a: Renounce Religion, Potion Petition, Call Merchant, Bribe Branch


You were on level 4 of the Dungeon.
You worshipped Gozag.
Gozag was aware of your devotion.
You visited 1 branch of the dungeon, and saw 4 of its levels.

You collected 363 gold pieces.

Inventory:

Hand Weapons
 a - a +1 rapier (weapon)
Missiles
 f - 4 poisoned darts (quivered)
Armour
 b - a +0 scale mail (worn)
 c - a +0 pair of gloves (worn)
 e - a +0 kite shield (worn)
Jewellery
 i - a ring of willpower (left hand)
Wands
 h - a wand of iceblast (10)
Potions
 d - 2 potions of might
 g - a potion of curing


   Skills:
 * Level 3.9 Fighting
 * Level 3.0 Short Blades
 * Level 1.2 Throwing
 * Level 3.3 Armour
 * Level 1.3 Dodging
 * Level 1.5 Stealth
 * Level 3.1 Shields
 * Level 1.3 Unarmed Combat
 * Level 0.2 Evocations


You had 4 spell levels left.
You didn't know any spells.
Your spell library contained the following spells:

 Spells                   Type           Power      Damage    Failure   Level
 Confusing Touch          Hex            0%         N/A       100%        3
 Yara's Violent Unravell  Hex/Tmut       0%         3d3       100%        5
 Enfeeble                 Hex            0%         N/A       100%        7


Dungeon Overview and Level Annotations

Branches:
Dungeon (4/15)
 Temple: D:4-7

Altars:
Gozag
Yredelemnul

Annotations:
D:4 asishallab's ghost, amateur DrGl


Innate Abilities, Weirdness & Mutations

You thrive by killing the living.
You are immune to poison.
You have sharp fingernails.
Your flesh is cold resistant. (rC+)
You are immune to negative energy. (rN+++)
You do not regenerate when monsters are visible.
You are immune to unholy pain and torment.


Message History

You closely miss asishallab's ghost.
Asishallab's ghost is moderately damaged.
Asishallab's ghost completely misses you.
You block asishallab's ghost's attack.
You hit asishallab's ghost but do no damage.
Asishallab's ghost is moderately damaged.
Asishallab's ghost hits you.
You miss asishallab's ghost.
Asishallab's ghost is moderately damaged.
You block asishallab's ghost's attack.
You puncture asishallab's ghost!
Asishallab's ghost is heavily damaged.
Asishallab's ghost hits you but does no damage.
You closely miss asishallab's ghost.
Asishallab's ghost is heavily damaged.
Asishallab's ghost hits you but does no damage.
You puncture asishallab's ghost!
Asishallab's ghost is severely damaged.
Asishallab's ghost hits you but does no damage.
Asishallab's ghost hits you!
You puncture asishallab's ghost!
Asishallab's ghost is almost destroyed.
Asishallab's ghost hits you!
You closely miss asishallab's ghost.
Asishallab's ghost is almost destroyed.
Asishallab's ghost hits you.
* * * LOW HITPOINT WARNING * * *
You hit asishallab's ghost.
Asishallab's ghost is almost destroyed.
Asishallab's ghost hits you!
* * * LOW HITPOINT WARNING * * *
You barely miss asishallab's ghost.
Asishallab's ghost is almost destroyed.
Asishallab's ghost hits you.
* * * LOW HITPOINT WARNING * * *
You barely miss asishallab's ghost.
Asishallab's ghost is almost destroyed.
Asishallab's ghost hits you.
You die...
Your body crumbles into a pile of gold.

#....+ #....#....###
#....#....##.
#...##....#..
############...##....#..
+..#$)?#..'.....#....#..
#.#...#.##.....#....#..
#.#''W#.##.....#....##.
#.....@.###...##....##.
###.$.#####...##.......
#.._. #.....#.......
##... #.....'.......
#### ##....#....###
#....#....#
+....#....... $
#....#.......
#...##.......


You could see asishallab's ghost.

Vanquished Creatures
  A hound (D:3)
  Jessica (D:2)
  A scorpion zombie (D:4)
  Natasha (thrice) (D:2)
  A hound zombie (D:4)
  An adder (D:3)
  2 worms
  3 endoplasms
  A giant cockroach (D:2)
  4 goblins
  4 hobgoblins
  2 jackals (D:1)
  6 ball pythons
  2 bats
  4 frilled lizards
  3 kobolds
  4 rats
43 creatures vanquished.

Notes
Turn   | Place    | Note
-------+----------+-------------------------------------------
     0 | D:1      | Mattiprrivan the Ghoul Fighter began the quest for the Orb.
     0 | D:1      | Reached XP level 1. HP: 19/19 MP: 0/0
   291 | D:1      | Reached XP level 2. HP: 26/26 MP: 1/1
   391 | D:1      | Found a faded altar of an unknown god.
   395 | D:1      | Prayed at the altar of an unknown god.
   395 | D:1      | Became a worshipper of Gozag Ym Sagoz the Greedy
   717 | D:2      | Found an opulent altar of Gozag.
   902 | D:2      | Reached XP level 3. HP: 19/31 MP: 2/2
  1068 | D:2      | Noticed Natasha
  1076 | D:2      | Killed Natasha
  1146 | D:2      | Noticed Jessica
  1165 | D:2      | Killed Jessica
  1166 | D:2      | Reached skill level 1 in Dodging
  1166 | D:2      | Reached XP level 4. HP: 32/40 MP: 3/3
  1277 | D:2      | Noticed Natasha
  1286 | D:2      | Killed Natasha
  1287 | D:2      | Reached skill level 1 in Stealth
  1417 | D:2      | Noticed Natasha
  1427 | D:2      | Killed Natasha
  1428 | D:2      | Reached skill level 1 in Unarmed Combat
  1428 | D:2      | Reached XP level 5. HP: 37/46 MP: 4/4
  1799 | D:3      | Reached skill level 1 in Throwing
  2691 | D:4      | Found a runed translucent gate.
  2691 | D:4      | Found a runed translucent gate.
  2691 | D:4      | Found a runed translucent gate.
  2691 | D:4      | Noticed asishallab's ghost (amateur DrGl)
  2692 | D:4      | Found a basalt altar of Yredelemnul.
  2736 | D:4      | HP: 2/46 [asishallab's ghost (3)]
  2737 | D:4      | Slain by asishallab's ghost

Illustrated notes

Levels and vault maps discovered:
D:1:      dpeg_arrival_rooms_a, layout_basic, serial_glass, glass_columns_b,
          glass_columns_c, shapermc_ecumenical_altar_venn
D:2:      layout_rooms, basic_altar, hangedman_decor_diamond_cutter,
          serial_park_tiny_2, uniq_jessica, uniq_natasha
D:3:      layout_loops_ring, minmay_hedge_maze
D:4:      layout_gridville, nicolae_yredelemnul_ghost_church, enter_ossuary_2

Skill      XL: |  1  2  3  4  5 |
---------------+----------------+-----
Short Blades   | 2 3 |  3.0
Armour         | 3 |  3.3
Dodging        | 1 |  1.3
Shields        | 3 |  3.1
Stealth        | 1 |  1.5
Unarmed Combat | 1 |  1.3
Throwing       | 1 |  1.2
Fighting       | |  3.9
Evocations     | |  0.2

Action                   |  1- 3 |  4- 6 || total
-------------------------+-------+-------++-------
Melee: Rapier            |    83 |    79 ||   162
Throw: Dart              |    11 |    16 ||    27
  Use: Potion            |     1 |     3 ||     4
       Scroll            |     1 |     3 ||     4
Armor: Scale mail        |    27 |    31 ||    58
Dodge: Dodged            |    24 |    22 ||    46
Block: Buckler           |     1 |       ||     1
       Kite shield       |    21 |    19 ||    40
